 Dungeon Crawl Stone Soup version 0.23.0 (webtiles) character file.

Game seed: 16530859770018583567

15 Kairos the Shield-Bearer (level 2, 0/16 HPs)
             Began as a Vine Stalker Fighter on Feb 15, 2019.
             Slain by a hobgoblin (1 damage)
             ... led by Robin
             ... on level 1 of the Dungeon.
             The game lasted 00:00:40 (569 turns).

Kairos the Shield-Bearer (Vine Stalker Fighter)      Turns: 569, Time: 00:00:40

Health: 0/16       AC:  6    Str: 18    XL:     2   Next: 50%
Magic:  0/3        EV:  7    Int: 12    God:
Gold:   5          SH:  9    Dex: 13    Spells: 1/1 levels left

rFire    . . .     SeeInvis .   a - +0 flail
rCold    . . .     Gourm    .   c - +0 shield
rNeg     . . .     Faith    .   b - +0 scale mail
rPois    .         Spirit   +   (no helmet)
rElec    .         Reflect  .   (no cloak)
rCorr    .         Harm     .   (no gloves)
MR       .....                  (no boots)
Stlth    ..........             (no amulet)
HPRegen  0.05/turn              e - +4 ring of intelligence (curse)
MPRegen  0.08/turn              (no ring)

@: no status effects
A: fangs 2, magic shield, antimagic bite, no potion heal 3, rot immunity
a: no special abilities


You were on level 1 of the Dungeon.
You were not hungry.

You visited 1 branch of the dungeon, and saw 2 of its levels.

You collected 5 gold pieces.

Inventory:

Hand Weapons
 a - a +0 flail (weapon)
Armour
 b - a +0 scale mail (worn)
 c - a +0 shield (worn)
Jewellery
 e - a cursed +4 ring of intelligence (left hand)
Scrolls
 h - a scroll of enchant armour {unknown}
 i - 3 scrolls of enchant weapon {unknown}
 j - a scroll of amnesia {unknown}
 k - a scroll of blinking {unknown}
 l - a scroll of fog {unknown}
Potions
 d - a potion of might
 g - a potion of ambrosia {unknown}
Comestibles
 f - 6 rations


   Skills:
 + Level 2.7 Fighting
 + Level 2.2 Maces & Flails
 + Level 2.5 Armour
 + Level 0.1 Dodging
 + Level 2.8 Shields


You had one spell level left.
You didn't know any spells.
Your spell library was empty.

Dungeon Overview and Level Annotations

Branches:
Dungeon (2/15)

Altars:

Annotations:
D:2 Robin


Innate Abilities, Weirdness & Mutations

You have extremely sharp teeth.
When hurt, damage is shared between your health and your magic reserves.
Your bite disrupts and absorbs the magic of your enemies.
Potions cannot restore your health.
You are immune to rotting.


Message History

A goblin comes into view.
The hobgoblin barely misses you. The hobgoblin hits you. The goblin hits you.
A goblin comes into view. It is wielding a +0 club.
Robin flexes a bicep menacingly.
The hobgoblin closely misses you. x2
The goblin shouts!
You block the goblin's attack.
A hobgoblin comes into view. It is wielding a +0 club.
There is a stone staircase leading up here.
The hobgoblin shouts!
The goblin hits you.
* * * LOW HITPOINT WARNING * * *
You climb upwards.
There is a stone staircase leading down here.
You barely miss the hobgoblin.
You bite the hobgoblin, but do no damage.
The hobgoblin is moderately wounded.
You block the hobgoblin's attack. You block the goblin's attack.
The hobgoblin hits you.
You die...

.............†.......#...####....
#########.......####.#.....####..
#.####.......#.).....####
####.####.####..........####
#...............##....####..
#.....###...........####....
#.....########..#.####......
#..........gg...............
#..........@................
#.....#.....................
#.....##.####...............
#............#...#..........
#.....##...........#........
########.............##.....
####.........######.....
###............#≈≈≈#######
##...##......#....#≈≈≈≈≈≈..


You could see a hobgoblin and a goblin.

Vanquished Creatures
  A leopard gecko (D:2)
  A bat (D:1)
  2 giant cockroaches (D:1)
  3 goblins (D:1)
  3 hobgoblins (D:1)
  A frilled lizard (D:1)
11 creatures vanquished.

Notes
Turn   | Place    | Note
-------+----------+-------------------------------------------
     0 | D:1      | Kairos the Vine Stalker Fighter began the quest for the
                  | Orb.
     0 | D:1      | Reached XP level 1. HP: 11/11 MP: 2/2
   387 | D:1      | Reached XP level 2. HP: 16/16 MP: 3/3
   560 | D:2      | Noticed Robin
   569 | D:1      | Slain by a hobgoblin

Skill      XL: |  1 |
---------------+----+-----
Maces & Flails | 2 |  2.2
Fighting       | |  2.7
Armour         | |  2.5
Dodging        | |  0.1
Shields        | |  2.8

Action                   || total
-------------------------++-------
Melee: Flail             ||    50
       Bite              ||    11
Armor: Scale mail        ||    26
Dodge: Dodged            ||    23
Block: Shield            ||    39
